 Dungeon Crawl Stone Soup version 0.31-a0-851-g7ff8af7976 (webtiles) character file.

Game seed: 1228360726626446596

898 fozzywoppz the Insei (level 7, -1/85 HPs)
             Began as a Demonspawn Gladiator on Oct 6, 2023.
             Was an Initiate of Qazlal.
             Slain by an orc warrior
             ... wielding a +0 mace
              (4 damage)
             ... on level 5 of the Dungeon.
             The game lasted 00:07:34 (4629 turns).

fozzywoppz the Insei (Demonspawn Gladiator)         Turns: 4629, Time: 00:07:36

Health: -1/85      AC: 23    Str: 14    XL:     7   Next: 79%
Magic:  7/7        EV:  2    Int: 10    God:    Qazlal [......]
Gold:   51         SH:  0    Dex: 16    Spells: 6/6 levels left

rFire   . .          .
                       - Unarmed
rCold   . . .        (no shield)
rNeg    . . .        k - melded +0 ring mail
rPois   +            (helmet currently unavailable)
rElec   .            l - melded +0 cloak
rCorr   .            p - melded +0 pair of gloves
SInv    .            (boots currently unavailable)
Will    .....        (no amulet)
Stlth   +            (no ring)
HPRegen 0.34/turn    (no ring)
MPRegen 0.10/turn

%: no passive effects
@: lethally poisoned (-1 -> -4), tree-form
A: stationary, stasis, torment immunity, boosted hp, (horns 2), powered by pain
1
a: Renounce Religion


You were on level 5 of the Dungeon.
You worshipped Qazlal.
Qazlal was noncommittal.
You were a tree.
You visited 2 branches of the dungeon, and saw 6 of its levels.

You collected 180 gold pieces.
You spent 129 gold pieces at shops.

Inventory:

Missiles
 c - 2 throwing nets (quivered)
Armour
 k - a +0 ring mail (melded)
 l - a +0 cloak (melded)
 n - +0 storm dragon scales
 p - a +0 pair of gloves (melded)
Jewellery
 t - a ring of wizardry
Wands
 d - a wand of mindburst (18)
Scrolls
 a - 3 scrolls of enchant weapon {unknown}
 b - 3 scrolls of identify {unknown}
 j - 3 scrolls of fog
 s - 3 scrolls of summoning {unknown}
 u - a scroll of enchant armour {unknown}
 v - a scroll of noise {unknown}
Potions
 e - a potion of invisibility {unknown}
 g - a potion of attraction {unknown}
 h - a potion of degeneration
 i - 2 potions of heal wounds {unknown}
 m - a potion of enlightenment {unknown}
 o - a potion of might
 q - a potion of lignification
 r - a potion of ambrosia {unknown}


   Skills:
 + Level 5.7 Fighting
 - Level 2.0 Throwing
 - Level 3.0 Armour
 - Level 3.0 Dodging
 + Level 5.9 Unarmed Combat


You had 6 spell levels left.
You didn't know any spells.
Your spell library contained the following spells:

 Spells                   Type           Power      Damage    Failure   Level
 Foxfire                  Conj/Fire      0%         2x1d4     36%         1
 Ensorcelled Hibernation  Hex/Ice        0%         N/A       50%         2
 Passwall                 Tmut/Erth      0%         N/A       50%         2
 Sublimation of Blood     Necr           0%         N/A       50%         2
 Wereblood                Tmut           0%         N/A       50%         2
 Dazzling Flash           Conj/Hex       0%         N/A       75%         3
 Swiftness                Air            0%         N/A       75%         3
 Animate Armour           Summ/Erth      0%         N/A       98%         4
 Summon Lightning Spire   Summ/Air       0%         N/A       98%         4
 Agony                    Necr           0%         N/A       100%        5
 Lee's Rapid Deconstruct  Erth           0%         3d4*      100%        5
 Silence                  Hex/Air        0%         N/A       100%        5
 Plasma Beam              Fire/Air       0%         2x1d10    100%        6
 Starburst                Conj/Fire      0%         6d3       100%        6
 Summon Hydra             Summ           0%         N/A       100%        7


Dungeon Overview and Level Annotations

Branches:
Dungeon (5/15)             Temple (1/1) D:5

Altars:
Ashenzari
Cheibriados
Dithmenos
Kikubaaqudgha
Makhleb
Nemelex Xobeh
Okawaru
Qazlal
Trog
Uskayaw
Vehumet
Wu Jian
Yredelemnul

Shops:
D:2 *   D:4 *

Annotations:
Temple 2 transporters


Innate Abilities, Weirdness & Mutations

You are a tree.
Your roots penetrate the ground, keeping you stationary.
You cannot be teleported.
You are immune to unholy pain and torment.
Your maximum health is greatly increased.
Your equipment is partially melded.
((You have a pair of horns on your head.))
You sometimes gain a little power by taking damage.


Message History

You miss the adder.
The adder is severely wounded.
You feel sick. The adder bites you.
* * * LOW HITPOINT WARNING * * *
Unknown command.
You feel better. The adder bites you.
* * * LOW HITPOINT WARNING * * *
You are poisoned.
The adder poisons you!
You hit the adder but do no damage.
The adder is severely wounded.
You feel sick. The adder closely misses you. The adder bites you.
* * * LOW HITPOINT WARNING * * *
You hit the adder. Your headbutt misses the adder.
The adder is almost dead.
You feel sick. The adder bites you.
* * * LOW HITPOINT WARNING * * *
You are more poisoned.
The adder poisons you!
You barely miss the adder.
The adder is almost dead.
You feel sick. The adder barely misses you.
You hit the adder.
You kill the adder!
Qazlal accepts your kill.
You are no longer corroded.
You feel sick.
You closely miss the orc warrior. You headbutt the orc warrior!
The orc warrior is moderately wounded.
You feel sick.
The orc warrior hits you with a +0 mace.
* * * LOW HITPOINT WARNING * * *
It was a potion of lignification.
You turn into a tree.
Your +0 cloak melds into your body.
Your +0 pair of gloves melds into your body.
Your +0 ring mail melds into your body.
Your roots penetrate the ground.
* * * LOW HITPOINT WARNING * * *
You feel sick.
The orc warrior hits you with a +0 mace.
You die...

####.. #....
#...#
.##########...#
.........#...#
#.......#...#
#(.... #o..#
#....###...#
#♣o.#...#
###.....# ##....#
.#.### ###.##
#.#... #.# #....#
#.## #....#
#####..####....#
.................
...#####..##.###
#


You could see an orc warrior.

Vanquished Creatures
  Grinder (D:5)
  Sigmund (D:2)
  An ice beast (D:5)
  A scorpion (D:5)
  3 jellies
  Crazy Yiuf (D:2)
  3 hounds
  An orc priest (D:5)
  8 adders
  2 ufetubi (D:4)
  A worm (D:2)
  8 orcs
  5 endoplasms
  A giant cockroach (D:2)
  8 goblins
  7 hobgoblins
  4 jackals (D:2)
  3 quokkas
  8 ball pythons
  3 bats
  3 frilled lizards
  5 kobolds
  4 rats
82 creatures vanquished.

Notes
Turn   | Place    | Note
-------+----------+-------------------------------------------
     0 | D:1      | fozzywoppz the Demonspawn Gladiator began the quest for the
                  | Orb.
     0 | D:1      | Reached XP level 1. HP: 16/16 MP: 1/1
   159 | D:1      | Gained mutation: You have a pair of small horns on your
                  | head. [demonic ancestry]
   159 | D:1      | Reached XP level 2. HP: 7/22 MP: 2/2
   804 | D:2      | Noticed Sigmund
   947 | D:2      | Found Suteu's Assorted Antiques.
   953 | D:2      | Bought 2 grey potions for 39 gold pieces
  1002 | D:2      | Reached XP level 3. HP: 25/28 MP: 3/3
  1106 | D:2      | HP: 1/28 [something (4)]
  1110 | D:2      | Killed Sigmund
  1111 | D:2      | Gained mutation: You have a pair of horns on your head.
                  | [demonic ancestry]
  1111 | D:2      | Reached XP level 4. HP: 11/37 MP: 4/4
  1111 | D:2      | Gained mutation: You sometimes gain a little power by
                  | taking damage. [demonic ancestry]
  1111 | D:2      | Reached XP level 5. HP: 12/42 MP: 5/5
  1337 | D:2      | Found a runed translucent door.
  1338 | D:2      | Noticed Crazy Yiuf
  1352 | D:2      | Killed Crazy Yiuf
  2058 | D:3      | Reached XP level 6. HP: 49/49 MP: 6/6
  2998 | D:4      | Reached skill level 1 in Armour
  3502 | D:4      | Found Ybyqoek's General Store.
  3524 | D:4      | Bought a scroll of blinking for 90 gold pieces
  3671 | D:5      | Entered Level 5 of the Dungeon
  3671 | D:5      | Found a staircase to the Ecumenical Temple.
  3715 | Temple   | Found a transporter.
  3715 | Temple   | Found a transporter.
  3715 | Temple   | Found a transporter.
  3715 | Temple   | Found a transporter.
  3715 | Temple   | Entered the Ecumenical Temple
  3755 | Temple   | Became a worshipper of Qazlal Stormbringer
  3786 | D:5      | Noticed Grinder
  3815 | D:5      | Paralysed by Grinder for 4 turns
  3823 | D:5      | Killed Grinder
  3824 | D:5      | Reached skill level 5 in Fighting
  3824 | D:5      | Reached skill level 5 in Unarmed Combat
  3824 | D:5      | Reached XP level 7. HP: 32/56 MP: 7/7
  3918 | D:5      | Noticed a yak
  4117 | D:5      | Found a burning altar of Makhleb.
  4275 | D:5      | HP: 2/56 [ogre/+0 giant club (28)]
  4628 | D:5      | HP: 2/57 [orc warrior/+0 mace (4)]
  4629 | D:5      | Slain by an orc warrior

Illustrated notes

Levels and vault maps discovered:
D:1:      matt_arrival_los_fun, layout_loops_ring, minmay_distorted
D:2:      layout_rooms, serial_shops, shop, uniq_crazy_yiuf_cottage,
          uniq_sigmund
D:3:      layout_basic
D:4:      layout_basic, overflow_temple_1_default, serial_shops,
          nicolae_shop_tiny_waterfront, solitary_fountain
D:5:      layout_basic, mainiacjoe_overflow_tiny_flanked,
          minmay_temple_entry_junction, hangedman_feature_mirror, uniq_grinder
Temple:   hellmonk_temple_divided_pantheon

Skill      XL: |  1  2  3  4  5  6  7 |
---------------+----------------------+-----
Throwing       | 2 |  2.0
Unarmed Combat | 3 4 5 |  5.9
Dodging        | 3 |  3.0
Fighting       | 4 5 |  5.7
Armour         | 2 3 |  3.0

Action                     |  1- 3 |  4- 6 |  7- 9 || total
---------------------------+-------+-------+-------++-------
  Melee: Unarmed           |    95 |   127 |    66 ||   288
         Punch             |     2 |     7 |     2 ||    11
         Headbutt          |    11 |    23 |    16 ||    50
  Throw: Javelin           |       |     1 |     1 ||     2
         Throwing net      |       |       |     1 ||     1
    Use: Scroll            |     4 |       |     1 ||     5
         Potion            |     4 |     1 |     3 ||     8
 Armour: Leather armour    |    13 |       |       ||    13
         Ring mail         |    41 |    72 |    44 ||   157
         Skin              |       |       |     1 ||     1
  Dodge: Dodged            |    34 |    60 |    36 ||   130

Table legend: (Time is in decaauts)
 A = Elapsed time spent in this place.
 B = Non-inter-level travel time spent in this place.
 C = Inter-level travel time spent in this place.
 D = Time resting spent in this place.
 E = Time spent auto-exploring this place.
 F = Levels seen in this place.
 G = Mean time per level.
                   A        B        C        D        E       F      G
               +--------+--------+--------+--------+--------+-----+--------+
         Total |   4609 |   4328 |    281 |    292 |   3021 |   6 |  768.2 |
       Dungeon |   4550 |   4272 |    278 |    292 |   3021 |   5 |  910.0 |
        Temple |     58 |     55 |      3 |      0 |      0 |   1 |   58.0 |
               +--------+--------+--------+--------+--------+-----+--------+

Top non-repeatable levels by time:
     D:4: 1360 daAuts
     D:3: 1012 daAuts
     D:1: 832 daAuts
     D:2: 822 daAuts
     D:5: 523 daAuts
  Temple: 58 daAuts
